 Dungeon Crawl Stone Soup version 0.28-a0-1395-g4f6bc678fa (webtiles) character file.

Game seed: 7023204476028338698

49 Deminshera the Skirmisher (level 3, -2/29 HPs)
             Began as a Demonspawn Fighter on Jan 4, 2022.
             Killed by divine providence
             ... invoked by an orc priest
              (11 damage)
             ... on level 2 of the Dungeon.
             The game lasted 00:01:24 (1582 turns).

Deminshera the Skirmisher (Demonspawn Fighter)      Turns: 1582, Time: 00:01:24

Health: -2/29      AC:  6    Str: 18    XL:     3   Next: 51%
Magic:  3/3        EV:  9    Int:  9    God:
Gold:   53         SH:  4    Dex: 12    Spells: 2/2 levels left

rFire   . . .      SeeInvis .   l - +0 dagger (venom)
rCold   . . .      Faith    .   c - +0 buckler
rNeg    . . .      Spirit   .   b - +0 scale mail
rPois   .          Reflect  .   (no helmet)
rElec   .          Harm     .   (no cloak)
rCorr   .          Rampage  .   (no gloves)
Will    .....                   (no boots)
Stlth   ..........              (no amulet)
HPRegen 0.09/turn               (no ring)
MPRegen 0.08/turn               (no ring)

@: no status effects
A: hooves 1
a: no special abilities


You were on level 2 of the Dungeon.
You visited 1 branch of the dungeon, and saw 2 of its levels.

You collected 53 gold pieces.

Inventory:

Hand Weapons
 a - a +0 rapier
 l - a +0 dagger of venom (weapon)
Armour
 b - a +0 scale mail (worn)
 c - a +0 buckler (worn)
Jewellery
 f - a ring of wizardry
Scrolls
 h - a scroll of identify {unknown}
 j - a scroll of vulnerability {unknown}
 m - a scroll of holy word {unknown}
Potions
 d - a potion of might
 e - 2 potions of attraction {unknown}
 g - a potion of curing {unknown}
 i - a potion of magic {unknown}
 k - a potion of mutation {unknown}


   Skills:
 + Level 3.4 Fighting
 + Level 2.3 Short Blades
 + Level 3.1 Armour
 + Level 3.1 Shields


You had 2 spell levels left.
You didn't know any spells.
Your spell library was empty.

Dungeon Overview and Level Annotations

Branches:
Dungeon (2/15)

Altars:


Innate Abilities, Weirdness & Mutations

You have large cloven feet.


Message History

Beogh smites you!
You hear a shout!
You barely miss the orc priest. Your kick misses the orc priest.
The orc priest mumbles some strange prayers to Beogh against you.
Pain shoots through your body!
You are too injured to fight recklessly!
You are too injured to fight recklessly!
You are too injured to fight recklessly!
You are too injured to fight recklessly!
You are too injured to fight recklessly!
You are too injured to fight recklessly!
You are too injured to fight recklessly!
You are too injured to fight recklessly!
You are too injured to fight recklessly!
You are too injured to fight recklessly!
You are too injured to fight recklessly!
You closely miss the orc priest. The orc priest barely misses you.
You hit the orc priest.
The orc priest looks as sick as possible!
The orc priest is moderately wounded.
The orc priest looks braver for a moment.
You hit the orc priest but do no damage.
The orc priest looks as sick as possible!
You kick the orc priest.
The orc priest is heavily wounded.
An orc comes into view. It is wielding a +0 war axe.
The orc priest barely misses you.
You hit the orc priest but do no damage.
The orc priest looks as sick as possible!
The orc priest is heavily wounded.
You hit the orc.
The orc is moderately wounded.
The orc priest hits you from afar with a +0 trident.
You closely miss the orc. Your kick misses the orc.
The orc is moderately wounded.
The orc barely misses you.
The orc priest looks braver for a moment.
The orc priest calls down the wrath of Beogh upon you.
Beogh smites you!
You die...

#.###.# #.# #..
#.###.# ##.....
#..### #(.# #
#####..#.. ########
#......#.#
#..o@..#####.####.#.#
##o####.......###..#
#
##...#########.##.#.#
#.....# #.#.###..
#†..o...# #..## #.#
............ #### ##
.............. ## #
.................
#.####
.............r...
#.....


You could see an orc priest (extremely poisoned) and an orc.

Vanquished Creatures
  An orc (D:2)
  An endoplasm (D:1)
  2 giant cockroaches
  4 goblins (D:1)
  5 hobgoblins
  6 jackals
  4 kobolds
  A quokka (D:2)
  4 ball pythons
  8 bats
  3 frilled lizards (D:2)
  5 rats (D:1)
44 creatures vanquished.

Notes
Turn   | Place    | Note
-------+----------+-------------------------------------------
     0 | D:1      | Deminshera the Demonspawn Fighter began the quest for the
                  | Orb.
     0 | D:1      | Reached XP level 1. HP: 18/18 MP: 1/1
   325 | D:1      | Gained mutation: You have large cloven feet. [demonic
                  | ancestry]
   325 | D:1      | Reached XP level 2. HP: 19/24 MP: 2/2
  1063 | D:2      | Reached XP level 3. HP: 29/29 MP: 3/3
  1582 | D:2      | Killed from afar by an orc priest

Illustrated notes

Levels and vault maps discovered:
D:1:      kilobyte_arrival_exit_the_forest, layout_loops_cross
D:2:      layout_loops_ring, chequers_serial_rivers_micro_c,
          kennysheep_small_spiral, nicolae_figureground_pulse

Skill      XL: |  1  2 |
---------------+-------+-----
Short Blades   | 2 |  2.3
Shields        | 3 |  3.1
Armour         | 3 |  3.1
Fighting       | |  3.4

Action                   || total
-------------------------++-------
Melee: Rapier            ||    70
       Kick              ||    26
       Dagger            ||    39
Armor: Scale mail        ||    51
Dodge: Dodged            ||    49
Block: Buckler           ||    19

Table legend: (Time is in decaauts)
 A = Elapsed time spent in this place.
 B = Non-inter-level travel time spent in this place.
 C = Inter-level travel time spent in this place.
 D = Time resting spent in this place.
 E = Time spent auto-exploring this place.
 F = Levels seen in this place.
 G = Mean time per level.
                   A        B        C        D        E       F      G
               +--------+--------+--------+--------+--------+-----+--------+
         Total |   1596 |   1570 |     26 |    135 |   1162 |   2 |  798.0 |
       Dungeon |   1596 |   1570 |     26 |    135 |   1162 |   2 |  798.0 |
               +--------+--------+--------+--------+--------+-----+--------+

Top non-repeatable levels by time:
     D:1: 1075 daAuts
     D:2: 520 daAuts
